 Dungeon Crawl Stone Soup version 0.30.0-15-g856e2d3f33 (webtiles) character file.

Game seed: 5233719750807645809

315 RascalDebosk the Magician (level 6, 0/45 HPs)
             Began as a Djinni Conjurer on May 18, 2023.
             Slain by a yak (3 damage)
             ... on level 6 of the Dungeon.
             The game lasted 00:22:18 (2248 turns).

RascalDebosk the Magician (Djinni Conjurer)         Turns: 2248, Time: 00:22:18

Health: 0/45       AC:  3    Str:  6    XL:     6   Next: 72%
Gold:   101        EV: 12    Int: 21    God:
                   SH:  0    Dex: 12

rFire   + + .        s - +1 dagger (holy)
rCold   x . .        (no shield)
rNeg    . . .        a - +0 robe
rPois   ∞            i - +0 helmet
rElec   .            (no cloak)
rCorr   .            (no gloves)
SInv    .            (boots unavailable)
Will    .....        (no amulet)
Stlth   ++           (no ring)
HPRegen 0.27/turn    (no ring)
MPRegen 0.00/turn

%: infuse magic (-1 HP)
@: flying, very slightly contaminated
A: sickness immunity, fire resistance 2, cold vulnerability 1, float, innate
caster, HP casting, extra vitality 1
a: no special abilities


You were on level 6 of the Dungeon.
You visited 1 branch of the dungeon, and saw 4 of its levels.

You collected 101 gold pieces.

Inventory:

Hand Weapons
 d - a +0 spear of flaming
 s - a +1 dagger of holy wrath (weapon)
Armour
 a - a +0 robe (worn)
 h - an orb of light
 i - a +0 helmet (worn)
Wands
 j - a wand of flame (16)
Scrolls
 b - 3 scrolls of teleportation {unknown}
 c - a scroll of fear {unknown}
 e - 5 scrolls of identify {unknown}
 f - a scroll of noise {unknown}
 g - a scroll of amnesia {unknown}
 l - a scroll of fog {unknown}
Potions
 k - a potion of curing {unknown}
 m - 2 potions of cancellation {unknown}
 n - a potion of resistance {unknown}
 o - a potion of attraction {unknown}
 p - a potion of haste {unknown}
 q - a potion of flight {unknown}


   Skills:
 * Level 2.9 Fighting
 + Level 1.6 Short Blades
 + Level 1.9 Armour
 - Level 2.1 Dodging
 - Level 1.5 Stealth
 * Level 4.7 Spellcasting


You knew the following spells:

 Your Spells              Type           Power      Damage    Failure   Level
a - Magic Dart            Conj           96%        1d7       1%          1
b - Searing Ray           Conj           48%        2d6       2%          2
c - Dazzling Flash        Conj/Hex       48%        N/A       4%          3
d - Fulminant Prism       Conj/Hex       12%        3d9       16%         4
e - Iskenderun's Mystic   Conj/Tloc      24%        2d7       16%         4
f - Beastly Appendage     Tmut           48%        N/A       1%          1
g - Passwall              Tmut/Erth      20%        N/A       2%          2
Your spell library was empty.

Dungeon Overview and Level Annotations

Branches:
Dungeon (3/15)

Altars:


Innate Abilities, Weirdness & Mutations

You are immune to sickness and miasma.
You are immune to poison.
Your flesh is very heat resistant. (rF++)
You are vulnerable to cold. (rC-)
You float through the air rather than walking.
You learn spells naturally, not from books.
Your magical power is your life essence.
You have superior vitality. (+4 MHP)


Message History

You kill the orc!
There is an open door, spattered with blood here.
Things that are here:
a +0 flail; an orc corpse
q - a fizzy orange potion
There is an open door, spattered with blood here.
Things that are here:
a +0 flail; an orc corpse You reach down and open the door.
An adder, a phantom, a yak, a sky beast and a jelly come into view.
Found a scroll labelled PUISIH LEPIAL.
Casting: Searing Ray (safe; 2% risk of failure)
Confirm with . or Enter, or press ? or * to list all spells.
The spell is quite dangerous to miscast (19% risk of failure)!
Continue anyway?
Aiming: Fulminant Prism (quite dangerous; 19% risk of failure)
Press: ? - help, Dir - move target You miscast Fulminant Prism.
You are very lightly contaminated with residual magic.
Waves of light ripple over your body.
You feel yourself slow down.
Casting: Fulminant Prism (quite dangerous; 19% risk of failure)
Confirm with . or Enter, or press ? or * to list all spells.
The spell is quite dangerous to miscast (19% risk of failure)!
Continue anyway?
Aiming: Fulminant Prism (quite dangerous; 19% risk of failure)
Press: ? - help, Dir - move target You conjure a prism of explosive energy!
A fulminant prism comes into view.
The adder hisses angrily.
The jelly quivers.
The phantom hits you!
The phantom blinks!
You blink.
Your fulminant prism moves out of view.
Casting: Fulminant Prism (quite dangerous; 19% risk of failure)
Confirm with . or Enter, or press ? or * to list all spells.
The spell is quite dangerous to miscast (19% risk of failure)!
Continue anyway? [Y]es or [N]o only, please.
The spell is quite dangerous to miscast (19% risk of failure)!
Continue anyway?
You erupt in a blast of force!
The mystic blast hits the phantom.
The phantom is lightly damaged.
The phantom is knocked back by the mystic blast.
You hear a loud crackle.
Casting: Iskenderun's Mystic Blast (quite dangerous; 19% risk of failure)
Confirm with . or Enter, or press ? or * to list all spells.
Aiming: Searing Ray (safe; 2% risk of failure)
Press: ? - help, Shift-Dir - straight line, f - phantom
Aim: a phantom (lightly damaged, 69% to hit)
The searing ray hits the phantom!
The phantom is heavily damaged. (Press . to maintain the ray.)
You hear an explosion!
You feel a bit more experienced. The phantom closely misses you.
You hear a shout!
The searing ray hits the phantom.
The phantom is severely damaged.
The searing ray hits the yak.
The yak is lightly wounded.
The phantom barely misses you. The phantom hits you.
* * * LOW HITPOINT WARNING * * *
The searing ray hits the phantom!
The phantom is almost destroyed.
The searing ray hits the yak.
The yak is lightly wounded.
* * * LOW HITPOINT WARNING * * *
The phantom closely misses you.
The searing ray hits the phantom!
You destroy the phantom!
The searing ray hits the yak.
The yak is moderately wounded.
* * * LOW HITPOINT WARNING * * *
You finish channelling your searing ray.
The yak closely misses you.
Casting: Searing Ray (safe; 2% risk of failure)
Confirm with . or Enter, or press ? or * to list all spells.
The spell is quite dangerous to miscast (16% risk of failure)!
Continue anyway?
You erupt in a blast of force!
The mystic blast hits the adder!
The adder is almost dead.
The adder is knocked back by the mystic blast.
The adder slams into the granite statue!
You kill the adder!
The mystic blast hits the yak!
The yak is heavily wounded.
The yak is knocked back by the mystic blast.
* * * LOW HITPOINT WARNING * * *
You feel yourself speed up.
You hear a bark!
You hear a shout!
Casting: Iskenderun's Mystic Blast (quite dangerous; 16% risk of failure)
Confirm with . or Enter, or press ? or * to list all spells.
Aiming: Searing Ray (safe; 2% risk of failure)
Press: ? - help, Shift-Dir - straight line, f - yak
Aim: a yak (heavily wounded, 87% to hit)
The searing ray hits the yak.
The yak is heavily wounded. (Press . to maintain the ray.)
* * * LOW HITPOINT WARNING * * *
The yak gores you!
* * * LOW HITPOINT WARNING * * *
The searing ray hits the yak but does no damage.
The yak is heavily wounded.
* * * LOW HITPOINT WARNING * * *
The yak gores you.
You die...

### #..
######.########.#
.............#.#
####.....####.#.#
#..##...##h[#.#.#
#...##.##Y..#^#.# #
##...#@#...##.#.##.###o
..
##.)#Y#+.##..#.....o..
....###.†.###...#.##.###
........8..............#
#...###Y..###.....##.#.#
#. #.'#.#+ ##..#.# # #.
#...#.# ##.#.# #.
#...##.## #.#.# #.
#?.##...## #.#.# #.


You could see a yak and a sky beast.

Vanquished Creatures
  A phantom (D:6)
  A scorpion (D:6)
  A jelly (D:6)
  Natasha (D:3)
  Robin (D:2)
  3 gnolls (D:2)
  3 adders (D:6)
  A dart slug (D:3)
  An orc (D:6)
  4 endoplasms
  2 giant cockroaches (D:2)
  14 goblins
  6 hobgoblins
  10 kobolds
  A quokka (D:2)
  2 ball pythons (D:1)
  3 bats (D:1)
  2 frilled lizards
  6 rats
63 creatures vanquished.

Vanquished Creatures (others)
  2 fulminant prisms
2 creatures vanquished.

Grand Total: 65 creatures vanquished

Notes
Turn   | Place    | Note
-------+----------+-------------------------------------------
     0 | D:1      | RascalDebosk the Djinni Conjurer began the quest for the
                  | Orb.
     0 | D:1      | RascalDebosk set off with the following spells memorised:
                  | Magic Dart, Searing Ray, Dazzling Flash, Fulminant Prism,
                  | Iskenderun's Mystic Blast.
     0 | D:1      | Reached XP level 1. HP: 15/15 MP: 0/0
     2 | D:1      | Noticed a ghoul
     4 | D:1      | Noticed a troll
     4 | D:1      | Noticed a demigod
     6 | D:1      | Noticed a minotaur
     8 | D:1      | Noticed a vampire
     8 | D:1      | Noticed an armataur
    10 | D:1      | Noticed a gargoyle
    10 | D:1      | Noticed a meteoran
    12 | D:1      | Noticed a felid
    12 | D:1      | Noticed an elf
    14 | D:1      | Noticed a draconian
    14 | D:1      | Noticed a vine stalker
    16 | D:1      | Noticed a tengu
    16 | D:1      | Noticed a human
    18 | D:1      | Noticed a merfolk
    18 | D:1      | Noticed a naga
    20 | D:1      | Noticed a spriggan
    20 | D:1      | Noticed a formicid
    22 | D:1      | Noticed a demonspawn
    24 | D:1      | Noticed an octopode
    24 | D:1      | Noticed a vine stalker
    26 | D:1      | Noticed an octopode
   177 | D:1      | Reached XP level 2. HP: 17/21 MP: 0/0
   408 | D:1      | Found a faded altar of an unknown god.
   890 | D:2      | Reached XP level 3. HP: 24/25 MP: 0/0
   890 | D:2      | Learned a level 1 spell: Beastly Appendage
   894 | D:2      | Noticed Robin
   903 | D:2      | Killed Robin
   904 | D:2      | Reached skill level 4 in Spellcasting
  1052 | D:2      | Reached XP level 4. HP: 29/31 MP: 0/0
  1111 | D:2      | Reached skill level 1 in Fighting
  1838 | D:3      | Reached skill level 1 in Armour
  1899 | D:3      | Noticed Natasha
  1903 | D:3      | Killed Natasha
  1904 | D:3      | Reached XP level 5. HP: 25/38 MP: 0/0
  1904 | D:3      | Learned a level 2 spell: Passwall
  2020 | D:3      | You are sucked into a shaft and drop 3 floors!
  2041 | D:6      | Reached skill level 1 in Short Blades
  2083 | D:6      | Reached XP level 6. HP: 26/43 MP: 0/0
  2220 | D:6      | Noticed an ice beast
  2238 | D:6      | Noticed a yak
  2238 | D:6      | Noticed a sky beast
  2248 | D:6      | Slain by a yak

Illustrated notes

Levels and vault maps discovered:
D:1:      kb_arrival_jail, layout_basic, shapermc_ecumenical_altar_mp_vishouse,
          serial_rivers, chequers_serial_rivers_micro_b,
          chequers_serial_rivers_micro_a, chequers_serial_rivers_small_3,
          chequers_serial_rivers_marsh, chequers_serial_rivers_marsh
D:2:      layout_loops_ring, uniq_robin
D:3:      layout_loops_ring, minitemple, gammafunk_temple_overflow_forgotten,
          gammafunk_temple_overflow_pools, lexackson_kobold_supper, uniq_pargi,
          uniq_natasha
D:6:      cheibrodos_barr_body, layout_basic, marbit_many_paths,
          minmay_temple_entry_tees, grunt_ministairs_12

Skill      XL: |  1  2  3  4  5 |
---------------+----------------+-----
Spellcasting   | 4 |  4.7
Fighting       | 1 2 |  2.9
Armour         | 1 |  1.9
Short Blades   | 1 |  1.6
Dodging        | |  2.1
Stealth        | |  1.5

Action                     |  1- 3 |  4- 6 || total
---------------------------+-------+-------++-------
  Melee: Spear             |     1 |       ||     1
         Dagger            |    21 |       ||    21
   Cast: Magic Dart        |    42 |    23 ||    65
         Searing Ray       |     6 |     9 ||    15
         Iskenderun's Myst |       |     8 ||     8
         Fulminant Prism   |       |     2 ||     2
   Stab: Sleeping          |     1 |       ||     1
 Armour: Robe              |     3 |     2 ||     5
  Dodge: Dodged            |    19 |     7 ||    26
